 Dungeon Crawl Stone Soup version 0.31-a0-271-gb88eb75e06 (webtiles) character file.

Game seed: 2729280492173408943

5 Maratek the Grave Robber (level 1, 0/13 HPs)
             Began as a Demonspawn Necromancer on July 14, 2023.
             Shot with a sling bullet by a hobgoblin (9 damage)
             ... on level 1 of the Dungeon.
             The game lasted 00:00:44 (148 turns).

Maratek the Grave Robber (Demonspawn Necromancer)    Turns: 148, Time: 00:00:45

Health: 0/13       AC:  2    Str:  8    XL:     1   Next: 66%
Magic:  0/3        EV: 12    Int: 16    God:
Gold:   21         SH:  0    Dex: 13    Spells: 3/4 levels left

rFire   . . .        (no weapon)
rCold   . . .        (no shield)
rNeg    . . .        a - +0 robe
rPois   .            (no helmet)
rElec   .            (no cloak)
rCorr   .            (no gloves)
SInv    .            (no boots)
Will    .....        (no amulet)
Stlth   ++           (no ring)
HPRegen 0.22/turn    (no ring)
MPRegen 0.08/turn

%: no passive effects
@: no status effects
A: no striking features
a: no special abilities


You were on level 1 of the Dungeon.
You visited 1 branch of the dungeon, and saw 1 of its levels.

You collected 21 gold pieces.

Inventory:

Armour
 a - a +0 robe (worn)
Scrolls
 c - a scroll of poison {unknown}
Potions
 b - a potion of magic
 d - a potion of enlightenment {unknown}


   Skills:
 + Level 1.7 Dodging
 + Level 1.8 Stealth
 + Level 2.1 Spellcasting
 + Level 4.5 Necromancy


You had 3 spell levels left.
You knew the following spells:

 Your Spells              Type           Power      Damage    Failure   Level
a - Necrotise             Necr           64%        1d7       3%          1

Your spell library contained the following spells:

 Spells                   Type           Power      Damage    Failure   Level
 Vampiric Draining        Necr           16%        2d7       10%         3
 Animate Dead             Necr           16%        N/A       30%         4
 Agony                    Necr           16%        N/A       65%         5


Dungeon Overview and Level Annotations

Branches:
Dungeon (1/15)

Altars:


Message History

Aim: an endoplasm (chance to affect: 86%)
The endoplasm writhes in agony.
The endoplasm misses you.
Your goblin skeleton hits the endoplasm but does no damage.
The endoplasm freezes your goblin skeleton.
Your goblin skeleton is frozen.
Your goblin skeleton resists.
You don't have enough magic to cast this spell.
You don't have enough magic to cast this spell.
The endoplasm hits your goblin skeleton.
Your goblin skeleton hits the endoplasm.
You hit the endoplasm but do no damage.
The endoplasm is severely wounded.
The endoplasm barely misses you.
You hit the endoplasm.
The endoplasm is almost dead.
Your goblin skeleton hits the endoplasm but does no damage.
The endoplasm freezes your goblin skeleton.
Your goblin skeleton is frozen.
Your goblin skeleton resists.
You hit the endoplasm.
You kill the endoplasm!
You swap places.
A hobgoblin comes into view. It is wielding a +0 sling.
The hobgoblin shoots a sling bullet.
The sling bullet hits you.
The hobgoblin shoots a sling bullet.
The sling bullet barely misses you.
You see here a +0 dagger.
The hobgoblin shoots a sling bullet.
The sling bullet barely misses you.
The sling bullet hits your goblin skeleton!
Your goblin skeleton is destroyed!
Aiming: Necrotise (safe; 3% risk of failure)
Press: ? - help, Q - select action Shift-Dir - straight line, f - hobgoblin
Aim: a hobgoblin, wielding a +0 sling (chance to affect: 86%)
The hobgoblin writhes in agony.
The hobgoblin shoots a sling bullet.
The sling bullet barely misses you.
Found a scroll labelled PUSACUPEISM.
The hobgoblin shoots a sling bullet.
The sling bullet closely misses you.
The hobgoblin shoots a sling bullet.
The sling bullet hits you!
Ouch! That really hurt!
You die...

##### #...# #.# . #.#.#
#.# . #.#.# #.# .# #
..###.#.#######.####.#..
..................g.....
.........######......###
#.....#...####........?.
#######.#..#.)..@.......
######.##.#.#..........
#......##.#.#.#.#######
#......##...#.#.#
#........#....#..
#......#.#...####.
#.............. .#
#..........#.### #
#.......##.#.)


You could see a hobgoblin.

Vanquished Creatures
  2 endoplasms (D:1)
  A goblin (D:1)
  A hobgoblin (D:1)
4 creatures vanquished.

Notes
Turn   | Place    | Note
-------+----------+-------------------------------------------
     0 | D:1      | Maratek the Demonspawn Necromancer began the quest for the
                  | Orb.
     0 | D:1      | Reached XP level 1. HP: 13/13 MP: 3/3
   148 | D:1      | Shot with a sling bullet by a hobgoblin

Illustrated notes

Levels and vault maps discovered:
D:1:      noname_arrival_rooms_in_the_neighbourhood, layout_basic

Action                     || total
---------------------------++-------
  Melee: Unarmed           ||     3
   Cast: Necrotise         ||     7
  Dodge: Dodged            ||     7

Table legend: (Time is in decaauts)
 A = Elapsed time spent in this place.
 B = Non-inter-level travel time spent in this place.
 C = Inter-level travel time spent in this place.
 D = Time resting spent in this place.
 E = Time spent auto-exploring this place.
 F = Levels seen in this place.
 G = Mean time per level.
                   A        B        C        D        E       F      G
               +--------+--------+--------+--------+--------+-----+--------+
         Total |    148 |    148 |      0 |      0 |     88 |   1 |  148.0 |
       Dungeon |    148 |    148 |      0 |      0 |     88 |   1 |  148.0 |
               +--------+--------+--------+--------+--------+-----+--------+

Top non-repeatable levels by time:
     D:1: 148 daAuts
